 Dungeon Crawl Stone Soup version 0.29-a0-973-gac7da5f7f0 (webtiles) character file.

Game seed: 17490244626256773553

35431 jlumianski the Cleaver (level 13, -8/103 HPs)
             Began as a Demonspawn Fighter on July 31, 2022.
             Was an Elder of Qazlal.
             Mangled by a two-headed ogre
             ... wielding a +0 giant spiked club
              (12 damage)
             ... on level 1 of the Orcish Mines.
             The game lasted 00:56:42 (14417 turns).

jlumianski the Cleaver (Demonspawn Fighter)        Turns: 14417, Time: 00:56:47

Health: -8/103     AC: 31    Str: 22    XL:     13   Next: 47%
Magic:  22/22      EV:  8    Int:  9    God:    Qazlal [****..]
Gold:   1612       SH: 11    Dex: 13    Spells: 12/12 levels left

rFire   + + +      SeeInvis .   y - +11 war axe "Wutu" {venom, *Slow rF+ rN+ rCorr}
rCold   x . .      Faith    +   c - +0 buckler
rNeg    + . .      Spirit   .   Q - +3 plate armour {rF+}
rPois   .          Reflect  .   u - +2 hat
rElec   +          Harm     .   o - +2 cloak
rCorr   +          Rampage  .   f - +0 pair of gloves
Will    .....                   (no boots)
Stlth   ..........              i - amulet of faith
HPRegen 0.27/turn               j - ring of fire
MPRegen 0.18/turn               m - +4 ring of protection

@: slowed, studying Maces & Flails, repel missiles, very slow
A: horns 1, thin metallic scales 3, spiny 2
a: Renounce Religion, Upheaval, Elemental Force


You were on level 1 of the Orcish Mines.
You worshipped Qazlal.
Qazlal was greatly pleased with you.
You visited 3 branches of the dungeon, and saw 16 of its levels.
You also visited: Volcano.

You collected 1638 gold pieces.
You spent 26 gold pieces at shops.

Inventory:

Hand Weapons
 y - the +11 war axe "Wutu" (weapon) {venom, *Slow rF+ rN+ rCorr}
   (You found it on level 3 of the Dungeon)

   It poisons the flesh of those it strikes.
   rF:        It protects you from fire.
   rN:        It protects you from negative energy.
   rCorr:     It protects you from acid and corrosion.
   *Slow:     It may slow you when you take damage.
 J - a +5 morningstar
 S - a +1 demon blade of flaming
Missiles
 g - 2 atropa-tipped darts
 h - 6 silver javelins
 t - 9 boomerangs
 A - 27 poisoned darts (quivered)
Armour
 c - a +0 buckler (worn)
 f - a +0 pair of gloves (worn)
 o - a +2 cloak (worn)
 u - a +2 hat (worn)
 w - the +4 ring mail of Spite {rElec Will+ Str+2 Stlth+}
   (You found it on level 4 of the Dungeon)

   Str:       It affects your strength (+2).
   rElec:     It insulates you from electricity.
   Will:      It increases your willpower.
   Stlth:     It makes you more stealthy.
 z - the +1 hat "Eseowy" {rPois rC++ Int+3 Dex-2}
   (You found it on level 10 of the Dungeon)

   Int:       It affects your intelligence (+3).
   Dex:       It affects your dexterity (-2).
   rC:        It greatly protects you from cold.
   rPois:     It protects you from poison.
 F - +0 acid dragon scales
 Q - a +3 plate armour of fire resistance (worn)
Magical Staves
 p - a staff of fire
Jewellery
 i - an amulet of faith (around neck)
 j - a ring of fire (left hand)
 m - a +4 ring of protection (right hand)
 r - a ring of poison resistance
 D - a ring of positive energy
 K - a ring of flight
 M - a +4 ring of evasion
Wands
 q - a wand of iceblast (12)
 v - a wand of paralysis (2)
 B - a wand of polymorph (10)
 P - a wand of flame (19)
Scrolls
 l - 6 scrolls of teleportation
 C - a scroll of immolation
 G - a scroll of silence
 H - 5 scrolls of identify
 I - 2 scrolls of magic mapping
 N - 2 scrolls of fear
 O - 3 scrolls of fog
Potions
 a - a potion of flight
 b - a potion of berserk rage
 d - 3 potions of might
 e - a potion of heal wounds
 k - a potion of resistance
 n - 4 potions of attraction
 s - 2 potions of haste
 x - 2 potions of curing
 E - a potion of ambrosia
 R - a potion of cancellation {unknown}
Miscellaneous
 L - a phial of floods


   Skills:
 + Level 10.2 Fighting
 + Level 13.4(13.6) Axes
 + Level 2.8(9.2) Maces & Flails
 + Level 1.3 Throwing
 + Level 7.6 Armour
 + Level 5.6 Dodging
 - Level 1.5 Stealth
 + Level 7.3 Shields
 * Level 12.0 Invocations
 + Level 0.1 Evocations


You had 12 spell levels left.
You didn't know any spells.
Your spell library contained the following spells:

 Spells                   Type           Power      Damage    Failure   Level
 Apportation              Tloc           0%         N/A       100%        1
 Necrotise                Necr           0%         1d4       100%        1
 Summon Small Mammal      Summ           0%         N/A       100%        1
 Blink                    Tloc           0%         N/A       100%        2
 Alistair's Intoxication  Tmut/Pois      0%         N/A       100%        5
 Iskenderun's Battlesphe  Conj           0%         2d6       100%        5
 Manifold Assault         Tloc           0%         N/A       100%        5
 Conjure Ball Lightning   Conj/Air       0%         3x3d6     100%        6
 Storm Form               Tmut/Air       0%         N/A       100%        7


Dungeon Overview and Level Annotations

Branches:
Dungeon (13/15)            Temple (1/1) D:5            Lair (0/5) D:8
    Orc (2/2) D:12        Volcano (visited)
    Elf: Orc:2       Vaults: D:13-14

Altars:
Ashenzari
Cheibriados
Dithmenos
Fedhas
Gozag
Hepliaklqana
Kikubaaqudgha
Nemelex Xobeh
Okawaru
Qazlal
Sif Muna
Trog
Uskayaw
Vehumet
Wu Jian
Xom
Yredelemnul

Shops:
D:5 *[   D:6 (

Annotations:
Temple 2 transporters


Innate Abilities, Weirdness & Mutations

You have a pair of small horns on your head.
You are completely covered in thin metallic scales. (AC +4, rElec)
You are mostly covered in sharp spines.


Message History

The two-headed ogre hits you but does no damage.
The two-headed ogre is struck by your spines.
The two-headed ogre completely misses you.
The two-headed ogre hits you but does no damage.
You see here a +0 hand axe.
The two-headed ogre attacks as you move away!
You block the two-headed ogre's attack.
The two-headed ogre hits you but does no damage.
You hear some strange, mumbled words.
The ogre seems to speed up.
There is a stone staircase leading up, spattered with blood here.
The two-headed ogre is struck by your spines.
The two-headed ogre barely misses you. You block the two-headed ogre's attack.
The ogre hits you with a +0 giant club!
* * * LOW HITPOINT WARNING * * *
The two-headed ogre is struck by your spines.
The two-headed ogre barely misses you. You block the two-headed ogre's attack.
You climb upwards.
Reactivating autopickup.
There is a stone staircase leading down, spattered with blood here.
You barely miss the two-headed ogre.
The two-headed ogre is severely wounded.
You block the two-headed ogre's attack.
The two-headed ogre hits you with a +0 dire flail!
* * * LOW HITPOINT WARNING * * *
You barely miss the two-headed ogre.
The two-headed ogre is severely wounded.
You block the two-headed ogre's attack.
The two-headed ogre hits you but does no damage.
You barely miss the two-headed ogre. You headbutt the two-headed ogre.
The two-headed ogre is severely wounded.
You block the two-headed ogre's attack. x2
You completely miss the two-headed ogre.
You headbutt the two-headed ogre, but do no damage.
The two-headed ogre is severely wounded.
The two-headed ogre is struck by your spines.
The two-headed ogre hits you with a +0 giant spiked club!
* * * LOW HITPOINT WARNING * * *
The two-headed ogre hits you with a +0 dire flail!
You die...

#^....#...............#######
..............#........##.#.##
#..................#...#.....##
....#.....................#...#
#....#............#........#.##
###.###................#..####
##.####.....○..§○.......##.####
#...##.....#.°O)...............
##.####.....#)@)☼........#.....
##.###......○)§°...............
##..............°.......#...####
##.#................##.........##
#...............................#
.......##..#......≈#.............
#.#.#..........#.#≈....#.##...#..
#####........≈...§..#..###.#...#.
#...#.....≈≈..≈...≈§.......###


You could see a two-headed ogre (fast).

Vanquished Creatures
  Nessos (Orc:2)
  An ettin (Orc:1)
  A fire dragon (Volcano)
  The ghost of Yogidamonk the Tortoise, a journeyman MiBe of Trog (D:10)
  Erica (D:11)
  3 hydras
  A catoblepas (D:7)
  A centaur warrior (D:12)
  8 two-headed ogres
  Urug (D:10)
  3 skeletal warriors (D:11)
  A lindwurm (Volcano)
  2 cyclopes
  An orc sorcerer (Orc:1)
  A manticore (D:12)
  A moth of wrath (D:10)
  A molten gargoyle (Volcano)
  Maggie (D:6)
  An unseen horror (D:11)
  Joseph (D:7)
  5 trolls
  Grinder (D:4)
  2 hornets
  Prince Ribbit (D:8)
  2 slime creatures (D:12)
  A shadow (D:11)
  10 fire bats (Volcano)
  34 yaks
  4 wraiths
  7 wyverns
  3 steam dragons
  A basilisk (D:10)
  7 vampire mosquitoes
  Menkaure (D:6)
  An acid dragon (D:12)
  2 hell hounds (Volcano)
  A sky beast (D:7)
  3 orc warriors
  A black bear (D:6)
  6 ogres
  A centaur (D:10)
  4 bullfrogs
  2 kobold brigands
  A gnoll sergeant (D:7)
  A necrophage (D:8)
  7 wights
  23 killer bees
  5 howler monkeys
  5 lava snakes (Volcano)
  2 jellies
  8 orc priests
  A gnoll bouda (D:4)
  2 hounds
  Jessica (D:2)
  3 iguanas
  10 orc wizards
  Robin (D:2)
  12 gnolls
  8 adders
  A worm (D:2)
  2 dart slugs
  30 orcs
  8 endoplasms
  7 giant cockroaches
  12 goblins (D:1)
  6 hobgoblins
  4 jackals (D:1)
  A quokka (D:1)
  8 ball pythons
  8 bats
  2 frilled lizards
  18 kobolds
  7 rats
336 creatures vanquished.

Vanquished Creatures (collateral kills)
  A two-headed ogre (D:10)
  2 skeletal warriors (D:11)
  A molten gargoyle (Volcano)
4 creatures vanquished.

Grand Total: 340 creatures vanquished

Notes
Turn   | Place    | Note
-------+----------+-------------------------------------------
     0 | D:1      | jlumianski the Demonspawn Fighter began the quest for the
                  | Orb.
     0 | D:1      | Reached XP level 1. HP: 18/18 MP: 1/1
   143 | D:1      | Gained mutation: You have a pair of small horns on your
                  | head. [demonic ancestry]
   143 | D:1      | Reached XP level 2. HP: 24/24 MP: 2/2
   706 | D:1      | Reached skill level 2 in Axes
   962 | D:1      | Gained mutation: You are partially covered in thin metallic
                  | scales. (AC +2) [demonic ancestry]
   962 | D:1      | Reached XP level 3. HP: 27/29 MP: 3/3
  1121 | D:2      | Noticed Jessica
  1133 | D:2      | Killed Jessica
  1134 | D:2      | Gained mutation: You are mostly covered in thin metallic
                  | scales. (AC +3) [demonic ancestry]
  1134 | D:2      | Reached XP level 4. HP: 30/35 MP: 4/4
  1407 | D:2      | Noticed Robin
  1432 | D:1      | Reached skill level 3 in Axes
  1691 | D:2      | Killed Robin
  2053 | D:3      | Found a faded altar of an unknown god.
  2110 | D:3      | Reached XP level 5. HP: 22/41 MP: 5/5
  2951 | D:4      | Gained mutation: You are partially covered in sharp spines.
                  | [demonic ancestry]
  2951 | D:4      | Reached XP level 6. HP: 48/48 MP: 6/6
  3073 | D:3      | Identified the +11 war axe "Wutu" {venom, *Slow rF+ rN+
                  | rCorr}
  3365 | D:3      | Reached skill level 4 in Axes
  3487 | D:4      | Reached skill level 1 in Dodging
  3501 | D:5      | Entered Level 5 of the Dungeon
  3501 | D:5      | Found Qoamu's Antique Armour Boutique.
  3636 | D:4      | Noticed Grinder
  3686 | D:4      | Killed Grinder
  3687 | D:4      | Reached skill level 5 in Axes
  3687 | D:4      | Reached XP level 7. HP: 42/55 MP: 7/7
  3806 | D:4      | Found an iron altar of Okawaru.
  3819 | D:4      | Got Fen Xyki's Quarto of the Salvo
  3950 | D:4      | Noticed a yak
  3950 | D:4      | Noticed a yak
  3950 | D:4      | Noticed a yak
  3950 | D:4      | Noticed a yak
  3950 | D:4      | Noticed a yak
  3950 | D:4      | Noticed a yak
  3981 | D:3      | Killed a yak
  3982 | D:3      | Reached skill level 5 in Fighting
  3982 | D:3      | Reached XP level 8. HP: 26/62 MP: 8/8
  4161 | D:3      | Reached skill level 6 in Axes
  4215 | D:3      | Reached skill level 1 in Stealth
  4475 | D:4      | Identified the +4 ring mail of Spite {rElec Will+ Str+2
                  | Stlth+}
  4620 | D:4      | Reached skill level 7 in Axes
  4620 | D:4      | Reached skill level 5 in Armour
  4833 | D:6      | Found an opulent altar of Gozag.
  4880 | D:6      | Found Wecihym's Weapon Boutique.
  4996 | D:5      | Found Ulullein's General Store.
  5049 | D:5      | Bought a scroll of identify for 26 gold pieces
  5197 | D:5      | Gained mutation: You are completely covered in thin
                  | metallic scales. (AC +4, rElec) [demonic ancestry]
  5197 | D:5      | Reached XP level 9. HP: 69/69 MP: 9/9
  5434 | D:5      | Found a staircase to the Ecumenical Temple.
  5450 | Temple   | Entered the Ecumenical Temple
  5450 | Temple   | Found a transporter.
  5450 | Temple   | Found a transporter.
  5452 | Temple   | Found a transporter.
  5452 | Temple   | Found a transporter.
  5466 | Temple   | Became a worshipper of Qazlal Stormbringer
  5686 | D:6      | Noticed Maggie
  5701 | D:6      | Killed Maggie
  5702 | D:6      | Reached skill level 1 in Invocations
  5733 | D:6      | You fall into a shaft and drop 1 floor!
  5752 | D:7      | Reached skill level 8 in Axes
  5800 | D:7      | Reached skill level 1 in Throwing
  5823 | D:7      | Reached * piety under Qazlal
  5835 | D:7      | Noticed Joseph
  5847 | D:7      | Killed Joseph
  5899 | D:7      | Identified the +0 pair of gloves of the Good {-Cast *Slow
                  | Will+ Dex+7}
  6070 | D:6      | Noticed Menkaure
  6076 | D:6      | Killed Menkaure
  6203 | D:6      | Reached XP level 10. HP: 30/77 MP: 13/13
  6834 | D:7      | Reached skill level 9 in Axes
  6913 | D:8      | Reached ** piety under Qazlal
  7335 | D:9      | Reached skill level 5 in Invocations
  7349 | D:9      | Found a sparkling altar of Nemelex Xobeh.
  7367 | D:10     | Entered Level 10 of the Dungeon
  7452 | D:8      | Noticed Prince Ribbit
  7466 | D:8      | Killed Prince Ribbit
  7559 | D:8      | Noticed a catoblepas
  7578 | D:7      | Killed a catoblepas
  7579 | D:7      | Reached skill level 5 in Shields
  7655 | D:8      | Reached skill level 10 in Axes
  7659 | D:8      | Reached *** piety under Qazlal
  7693 | D:8      | Found a staircase to the Lair.
  8144 | D:9      | Found a hazy altar of Hepliaklqana.
  8175 | D:9      | Reached XP level 11. HP: 84/84 MP: 16/16
  8761 | D:10     | Found a shimmering altar of Xom.
  8766 | D:10     | Reached **** piety under Qazlal
  8818 | D:10     | Reached skill level 11 in Axes
  8834 | D:10     | Noticed a two-headed ogre
  8841 | D:10     | Killed a two-headed ogre
  8926 | D:10     | Found a shadowy altar of Dithmenos.
  8935 | D:10     | Noticed Urug
  8949 | D:10     | Killed Urug
  9086 | D:10     | Found a transporter.
  9107 | D:10     | Noticed Yogidamonk's ghost (journeyman MiBe)
  9116 | D:10     | Found a transporter.
  9517 | D:10     | Killed Yogidamonk's ghost
  9523 | D:10     | Identified the +1 hat "Eseowy" {rPois rC++ Int+3 Dex-2}
 10014 | D:11     | Gained mutation: You are mostly covered in sharp spines.
                  | [demonic ancestry]
 10014 | D:11     | Reached XP level 12. HP: 93/94 MP: 18/18
 10116 | D:11     | Noticed Erica
 10133 | D:11     | Killed Erica
 10134 | D:11     | Reached skill level 12 in Axes
 10999 | D:11     | HP: 3/94 [skeletal warrior/+3 glaive (18)]
 11323 | D:11     | Reached skill level 10 in Invocations
 11496 | D:13     | Noticed a five-headed hydra
 11510 | D:13     | Killed a five-headed hydra
 11546 | D:12     | Noticed a two-headed ogre
 11552 | D:12     | Killed a two-headed ogre
 11689 | D:12     | Noticed a centaur warrior
 11702 | D:12     | Killed a centaur warrior
 11703 | D:12     | Reached skill level 1 in Maces & Flails
 11703 | D:12     | Reached skill level 5 in Dodging
 11787 | D:12     | Found a staircase to the Orcish Mines.
 12118 | D:12     | Noticed a two-headed ogre
 12124 | D:12     | Killed a two-headed ogre
 12250 | D:12     | Noticed a seven-headed hydra
 12258 | D:12     | Killed a seven-headed hydra
 12444 | D:12     | Noticed a seven-headed hydra
 12460 | D:12     | Killed a seven-headed hydra
 12671 | Orc:1    | Entered Level 1 of the Orcish Mines
 12729 | Orc:1    | Found a dark tunnel.
 12738 | Volcano  | Entered a volcano
 12785 | Volcano  | Reached skill level 13 in Axes
 12802 | Volcano  | Reached XP level 13. HP: 102/102 MP: 21/21
 12917 | Volcano  | Found a burning altar of Makhleb.
 12927 | Volcano  | Reached ***** piety under Qazlal
 12978 | Volcano  | Noticed a fire dragon
 12995 | Volcano  | Killed a fire dragon
 13658 | Orc:2    | Entered Level 2 of the Orcish Mines
 13658 | Orc:2    | Noticed an ettin
 13676 | Orc:1    | Killed an ettin
 13888 | Orc:1    | Reached skill level 10 in Fighting
 14021 | Orc:2    | Noticed Nessos
 14043 | Orc:2    | Killed Nessos
 14417 | Orc:1    | HP: 4/103 [two-headed ogre/+0 giant spiked club (17)]
 14417 | Orc:1    | Mangled by a two-headed ogre

Illustrated notes

Levels and vault maps discovered:
D:1:      minmay_arrival_shattered_statue, layout_basic, minmay_pentomino_r2
D:2:      minmay_spotlight, layout_rooms, minivault_4, uniq_robin, uniq_jessica
D:3:      layout_loops_ring, mainiacjoe_overflow_small_starburst,
          hellmonk_ecumenical_altar_zigzags, st_stairs_9, kennysheep_nondescript
D:4:      layout_cave_pools, grunt_temple_overflow_open, uniq_grinder
D:5:      layout_basic, temple_fountains, serial_shops,
          nicolae_shop_statue_plus, nicolae_shop_statue_plus
D:6:      layout_basic, nicolae_gozag_seed_capital, serial_shops,
          nicolae_shop_bloodbath_and_beyond, serial_rivers,
          chequers_serial_rivers_room_a, chequers_serial_rivers_small_b,
          chequers_serial_rivers_micro_a, chequers_serial_rivers_micro_c,
          chequers_serial_rivers_micro_d, minmay_misc_feat_x, uniq_maggie,
          uniq_menkaure
D:7:      layout_rooms, uniq_joseph
D:8:      layout_cave_pools, lair_entry_dummy, minmay_manual_mail,
          uniq_prince_ribbit1
D:9:      layout_loops_ring, nemelex_xobeh_ov_fountains_minmay,
          nzn_hepliaklqana_mist_gate, serial_aquarium, aquarium_bridge_square
          [aquarium_subvault_balcony, aquarium_subvault_wall,
          aquarium_subvault_bridge, aquarium_subvault_bridge],
          aquarium_window_fake, aquarium_window_corner, aquarium_view_2b,
          aquarium_balcony_5b, aquarium_pool_side, dk_noncrumbling_4
D:10:     layout_big_octagon, nicolae_dithmenos_the_darkroom, serial_park,
          serial_park_square3 [serial_park_minivault_5x5_4],
          serial_park_avenue1, serial_park_tiny_1,
          gammafunk_ghost_berserking_beasts, uniq_urug
D:11:     layout_basic, uniq_erica
D:12:     layout_gridville, orc_0_dummy
D:13:     minmay_razor_zed, layout_rooms, david_vaults_5, uniq_frances
Temple:   hellmonk_temple_divided_pantheon
Orc:1:    layout_caves, nicolae_volcano_entry_lava_flow, uniq_erolcha
Orc:2:    st_orc_ogre_mass, layout_caves, serial_shops, nicolae_square_shop,
          uniq_azrael, uniq_nessos

Skill      XL: |  1  2  3  4  5  6  7  8  9 10 11 12 13 |
---------------+----------------------------------------+-----
Shields        | 3 4 5 6 7 |  7.3
Axes           | 2 3 5 7 8 10 11 13 | 13.4
Armour         | 3 4 5 6 7 |  7.6
Fighting       | 4 5 6 7 8 9 10 | 10.2
Dodging        | 1 2 3 4 5 |  5.6
Stealth        | 1 |  1.5
Invocations    | 4 7 9 11 12 | 12.0
Throwing       | 1 |  1.3
Maces & Flails | 2 |  2.8
Evocations     | |  0.1

Action                   |  1- 3 |  4- 6 |  7- 9 | 10-12 | 13-15 || total
-------------------------+-------+-------+-------+-------+-------++-------
Melee: War axe           |   101 |   154 |   107 |   324 |    74 ||   760
       Headbutt          |     9 |    26 |    15 |    78 |    19 ||   147
       Morningstar       |       |       |       |    13 |       ||    13
Throw: Stone             |     4 |     8 |       |       |       ||    12
       Dart              |       |       |     4 |     3 |       ||     7
Invok: Elemental Force   |       |       |       |     2 |     2 ||     4
       Upheaval          |       |       |       |     1 |       ||     1
Evoke: Wand              |       |       |       |       |     2 ||     2
  Use: Scroll            |       |     7 |     3 |    12 |       ||    22
       Potion            |       |     1 |     2 |     3 |     2 ||     8
 Stab: Sleeping          |       |       |     2 |       |       ||     2
       Petrified         |       |       |       |     5 |       ||     5
       Distracted        |       |       |       |     1 |       ||     1
       Paralysed         |       |       |       |       |     1 ||     1
Armor: Scale mail        |    74 |    81 |       |       |       ||   155
       Chain mail        |       |    28 |    13 |       |       ||    41
       Ring mail         |       |       |    33 |   172 |    16 ||   221
       Plate armour      |       |       |       |       |    26 ||    26
Dodge: Dodged            |    56 |    76 |    52 |   149 |    43 ||   376
       Repelled          |       |       |       |     2 |     1 ||     3
Block: Buckler           |    20 |    47 |    39 |   158 |    60 ||   324

Table legend: (Time is in decaauts)
 A = Elapsed time spent in this place.
 B = Non-inter-level travel time spent in this place.
 C = Inter-level travel time spent in this place.
 D = Time resting spent in this place.
 E = Time spent auto-exploring this place.
 F = Levels seen in this place.
 G = Mean time per level.
                   A        B        C        D        E       F      G
               +--------+--------+--------+--------+--------+-----+--------+
         Total |  14566 |  14380 |    186 |   2568 |   7141 |  17 |  856.8 |
       Dungeon |  12790 |  12604 |    186 |   1719 |   6797 |  13 |  983.8 |
        Temple |     34 |     34 |      0 |      0 |      0 |   1 |   34.0 |
  Orcish Mines |   1101 |   1101 |      0 |    516 |    313 |   2 |  550.5 |
       Volcano |    639 |    639 |      0 |    333 |     31 |   1 |  639.0 |
               +--------+--------+--------+--------+--------+-----+--------+

Top non-repeatable levels by time:
    D:11: 1642 daAuts
     D:3: 1547 daAuts
     D:1: 1358 daAuts
    D:12: 1334 daAuts
     D:6: 1234 daAuts
     D:2: 1004 daAuts
     D:4: 920 daAuts
   Orc:1: 896 daAuts
    D:10: 881 daAuts
     D:9: 877 daAuts
     D:5: 659 daAuts
     D:7: 645 daAuts
 Volcano: 639 daAuts
     D:8: 610 daAuts
   Orc:2: 205 daAuts
